3A
GALESBURG GUZZLERS @ YORK REVOLUTION
07/16/2027
 
TOP OF THE 1ST
Galesburg Guzzlers batting - Pitching for York Revolution : LHP Fernando Padilla
Pitching: LHP Fernando Padilla
Batting: RHB Eun-bum Kim 0-0: Called Strike
0-1: Ball
1-1: Ball
2-1: Ball
3-1: Base on Balls
Batting: LHB Paolo van Ginderen 0-0: Called Strike
0-1: Foul Ball, location: 2F
0-2: Ball
1-2: Ball
2-2: Foul Ball, location: 2F
2-2: 2-RUN HOME RUN (Flyball, 9LD), Distance : 351 ft
Batting: RHB Toussiant L'Ouverture 0-0: Ball
1-0: Called Strike
1-1: Foul Ball, location: 2F
1-2: Foul Ball, location: 2F
1-2: Strikes out swinging
Batting: RHB Fletcher Megarity 0-0: Called Strike
0-1: SINGLE (Groundball, 6MD)
Batting: LHB Armando Rodríguez 0-0: Ball
1-0: Foul Ball, location: 2F
1-1: Ball
2-1: Grounds into double play, 4-6-3 (Groundball, 34)
Top of the 1st over - 2 run(s), 2 hit(s), 0 error(s), 0 left on base; Galesburg 2 - York 0
BOTTOM OF THE 1ST
York Revolution batting - Pitching for Galesburg Guzzlers : RHP Jorge Otero
Pitching: RHP Jorge Otero
Batting: RHB Domingo Bravo 0-0: Swinging Strike
0-1: Swinging Strike
0-2: Ball
1-2: Foul Ball, location: 2F
1-2: Foul Ball, location: 2F
1-2: Ball
2-2: Strikes out swinging
Batting: RHB Ernesto Deleón 0-0: Ball
1-0: Called Strike
1-1: Ground out 6-3 (Groundball, 6)
Batting: RHB Griffin Woodfinlevine 0-0: Ball
1-0: Foul Ball, location: 2F
1-1: Foul Ball, location: 2F
1-2: Ground out 6-3 (Groundball, 6S)
Bottom of the 1st over - 0 run(s), 0 hit(s), 0 error(s), 0 left on base; Galesburg 2 - York 0
TOP OF THE 2ND
Galesburg Guzzlers batting - Pitching for York Revolution : LHP Fernando Padilla
Batting: RHB Mike Mays 0-0: Ball
1-0: Ball
2-0: Ball
3-0: Base on Balls
Batting: RHB Jack Cantrell 0-0: Ball
Mike Mays is caught stealing 2nd base
1-0: Called Strike
1-1: Called Strike
1-2: Strikes out swinging
Batting: RHB Sébastien Bernard 0-0: Ground out 5-3 (Groundball, 5)
Top of the 2nd over - 0 run(s), 0 hit(s), 0 error(s), 0 left on base; Galesburg 2 - York 0
BOTTOM OF THE 2ND
York Revolution batting - Pitching for Galesburg Guzzlers : RHP Jorge Otero
Batting: RHB Sherwood Lefebvre 0-0: Called Strike
0-1: Swinging Strike
0-2: Ground out 5-3 (Groundball, 56)
Batting: RHB Obi Jones 0-0: Ball
1-0: Swinging Strike
1-1: Foul Ball, location: 2F
1-2: Ball
2-2: Ground out 5-3 (Groundball, 56)
Batting: RHB Billy Hess 0-0: Called Strike
0-1: Called Strike
0-2: Foul Ball, location: 2F
0-2: Ball
1-2: Ball
2-2: Foul Ball, location: 2F
2-2: Foul Ball, location: 2F
2-2: SINGLE (Flyball, 9S)
Batting: RHB Donald Perry 0-0: Ball
1-0: SINGLE (Groundball, 3D)
Billy Hess to second
Runner from 2nd tries for 3rd, SAFE, throw made to third
Batting: RHB Ángelo Díaz 0-0: Ball
1-0: Swinging Strike
1-1: Foul Ball, location: 2F
1-2: Foul Ball, location: 2F
1-2: Ball
2-2: Ball
3-2: Strikes out swinging
Bottom of the 2nd over - 0 run(s), 2 hit(s), 0 error(s), 2 left on base; Galesburg 2 - York 0
TOP OF THE 3RD
Galesburg Guzzlers batting - Pitching for York Revolution : LHP Fernando Padilla
Batting: LHB Marshall Willis 0-0: Ball
1-0: Swinging Strike
1-1: Ball
2-1: Foul Ball, location: 2F
2-2: Strikes out swinging
Batting: RHB Eun-bum Kim 0-0: Ball
1-0: Foul Ball, location: 2F
1-1: Reached on error, E6 (Groundball, 6)
Batting: LHB Paolo van Ginderen 0-0: Called Strike
0-1: SINGLE (Line Drive, 56D)
Eun-bum Kim to second
Batting: RHB Toussiant L'Ouverture 0-0: Ball
1-0: Called Strike
1-1: Ball
2-1: Foul Ball, location: 2F
2-2: SINGLE (Groundball, 56D)
Eun-bum Kim to third
Paolo van Ginderen to second
Runner from 3rd tries for Home, SAFE, no throw
Batting: RHB Fletcher Megarity 0-0: Grounds into double play, 3-6-1 (Groundball, 34)
Top of the 3rd over - 1 run(s), 2 hit(s), 1 error(s), 1 left on base; Galesburg 3 - York 0
BOTTOM OF THE 3RD
York Revolution batting - Pitching for Galesburg Guzzlers : RHP Jorge Otero
Batting: RHB Jorge Barrón 0-0: Fly out, F7 (Flyball, 78D)
Batting: RHB Domingo Bravo 0-0: SINGLE (Line Drive, 4D)
Batting: RHB Ernesto Deleón 0-0: Ball
1-0: Ball
2-0: Ball
3-0: Called Strike
3-1: Called Strike
3-2: Strikes out swinging
Domingo Bravo steals 2nd base
Batter strikes out.
Batting: RHB Griffin Woodfinlevine 0-0: Fly out, F8 (Flyball, 89D)
Bottom of the 3rd over - 0 run(s), 1 hit(s), 0 error(s), 1 left on base; Galesburg 3 - York 0
TOP OF THE 4TH
Galesburg Guzzlers batting - Pitching for York Revolution : LHP Fernando Padilla
Batting: LHB Armando Rodríguez 0-0: Called Strike
0-1: Swinging Strike
0-2: Ball
1-2: Fly out, F8 (Flyball, 89M)
Batting: RHB Mike Mays 0-0: Called Strike
0-1: SINGLE (Flyball, 8RS)
Batting: RHB Jack Cantrell 0-0: Ball
1-0: Ball
2-0: Ball
3-0: Base on Balls
Mike Mays to second
Batting: RHB Sébastien Bernard 0-0: Ball
1-0: SINGLE (Line Drive, 34D)
Mike Mays to third
Jack Cantrell to second
Batting: LHB Marshall Willis 0-0: Called Strike
0-1: Ball
1-1: Called Strike
1-2: SINGLE (Groundball, 56D)
Mike Mays scores
Jack Cantrell to third
Sébastien Bernard to second
Runner from 3rd tries for Home, SAFE, throw made home
Batting: RHB Eun-bum Kim 0-0: Ball
1-0: Called Strike
1-1: Ball
2-1: Fly out, F3 (Popup, 3L)
Batting: LHB Paolo van Ginderen 0-0: Ball
1-0: Ball
2-0: Ball
Wild Pitch!
Sébastien Bernard to third
Marshall Willis to second
3-0: Called Strike
3-1: Base on Balls
Batting: RHB Toussiant L'Ouverture 0-0: SINGLE (Line Drive, 78S)
Sébastien Bernard scores
Marshall Willis to third
Paolo van Ginderen to second
Runner from 3rd tries for Home, SAFE, no throw
Batting: RHB Fletcher Megarity 0-0: Called Strike
0-1: Called Strike
0-2: Ball
1-2: Strikes out swinging
Top of the 4th over - 4 run(s), 4 hit(s), 0 error(s), 2 left on base; Galesburg 7 - York 0
BOTTOM OF THE 4TH
York Revolution batting - Pitching for Galesburg Guzzlers : RHP Jorge Otero
Batting: RHB Sherwood Lefebvre 0-0: Called Strike
0-1: Ball
1-1: SINGLE (Groundball, 6MD)
Batting: RHB Obi Jones 0-0: SINGLE (Line Drive, 56D)
Sherwood Lefebvre to second
Batting: RHB Billy Hess 0-0: Called Strike
0-1: Ball
1-1: Ball
2-1: Swinging Strike
2-2: Ball
3-2: Ground out 6-3 (Groundball, 6S)
Sherwood Lefebvre to third
Obi Jones to second
Batting: RHB Donald Perry 0-0: Ball
1-0: Ball
2-0: Ball
3-0: Called Strike
3-1: Swinging Strike
3-2: Base on Balls
Batting: RHB Ángelo Díaz 0-0: Ball
1-0: Called Strike
1-1: Ball
2-1: Grounds into fielders choice 1-2 (Groundball, 13S)
Obi Jones to third
Donald Perry to second
Batting: RHB Jorge Barrón 0-0: Fielders Choice at 2nd, 6-4 (Groundball, 6)
Bottom of the 4th over - 0 run(s), 2 hit(s), 0 error(s), 2 left on base; Galesburg 7 - York 0
TOP OF THE 5TH
Galesburg Guzzlers batting - Pitching for York Revolution : LHP Fernando Padilla
Pitching: RHP Behar Jusufi
Batting: LHB Armando Rodríguez 0-0: Ball
1-0: Ball
2-0: Called Strike
2-1: Ground out 4-3 (Groundball, 4S)
Batting: RHB Mike Mays 0-0: Swinging Strike
0-1: Ball
1-1: Hit by Pitch
Batting: RHB Jack Cantrell 0-0: Swinging Strike
0-1: Fly out, F9 (Flyball, 89M)
Batting: RHB Sébastien Bernard 0-0: Fielders Choice at 2nd, 5-4 (Groundball, 56)
Top of the 5th over - 0 run(s), 0 hit(s), 0 error(s), 0 left on base; Galesburg 7 - York 0
BOTTOM OF THE 5TH
York Revolution batting - Pitching for Galesburg Guzzlers : RHP Jorge Otero
Batting: RHB Domingo Bravo 0-0: Fly out, F8 (Flyball, 78D)
Batting: RHB Ernesto Deleón 0-0: Ground out 5-3 (Groundball, 56S)
Batting: RHB Griffin Woodfinlevine 0-0: Ball
1-0: Ball
2-0: Ball
3-0: Called Strike
3-1: Called Strike
3-2: Strikes out looking
Bottom of the 5th over - 0 run(s), 0 hit(s), 0 error(s), 0 left on base; Galesburg 7 - York 0
TOP OF THE 6TH
Galesburg Guzzlers batting - Pitching for York Revolution : RHP Behar Jusufi
Batting: LHB Marshall Willis 0-0: Called Strike
0-1: Foul Ball, location: 2F
0-2: Foul Ball, location: 2F
0-2: Ball
1-2: Foul Ball, location: 2F
1-2: Strikes out swinging, 2-3 out at first.
Batting: RHB Eun-bum Kim 0-0: Foul Ball, location: 2F
0-1: Fly out, F7 (Flyball, 7)
Batting: LHB Paolo van Ginderen 0-0: Called Strike
0-1: Ball
1-1: SINGLE (Line Drive, 89M)
Batting: RHB Toussiant L'Ouverture 0-0: Foul Ball, location: 2F
0-1: Ball
1-1: Swinging Strike
1-2: Foul Ball, location: 2F
1-2: Fly out, F7 (Flyball, 7LS)
Top of the 6th over - 0 run(s), 1 hit(s), 0 error(s), 1 left on base; Galesburg 7 - York 0
BOTTOM OF THE 6TH
York Revolution batting - Pitching for Galesburg Guzzlers : RHP Jorge Otero
Batting: RHB Sherwood Lefebvre 0-0: Ball
1-0: Ball
2-0: Fly out, F9 (Flyball, 9)
Batting: RHB Obi Jones 0-0: Ball
1-0: Ball
2-0: Fly out, F7 (Flyball, 7S)
Batting: RHB Billy Hess 0-0: Ball
1-0: Ball
2-0: Foul Ball, location: 2F
2-1: Ball
3-1: Foul Ball, location: 2F
3-2: Strikes out swinging
Bottom of the 6th over - 0 run(s), 0 hit(s), 0 error(s), 0 left on base; Galesburg 7 - York 0
TOP OF THE 7TH
Galesburg Guzzlers batting - Pitching for York Revolution : RHP Behar Jusufi
Batting: RHB Fletcher Megarity 0-0: Ball
1-0: Ball
2-0: Foul Ball, location: 2F
2-1: SINGLE (Flyball, 89S)
Batting: LHB Armando Rodríguez 0-0: Ball
1-0: Called Strike
1-1: Reached on error, E5 (Groundball, 56)
Fletcher Megarity to second
Batting: RHB Mike Mays 0-0: Foul Ball, location: 2F
0-1: Ball
1-1: Ground out 6-3 (Groundball, 6S)
Fletcher Megarity to third
Armando Rodríguez to second
Batting: RHB Jack Cantrell 0-0: Called Strike
0-1: Ball
1-1: Swinging Strike
1-2: Ball
2-2: Foul Ball, location: 2F
2-2: Ball
3-2: Foul Ball, location: 2F
3-2: Base on Balls
Batting: RHB Sébastien Bernard 0-0: Ball
1-0: Called Strike
1-1: Foul Ball, location: 2F
1-2: Fly out, F7 (Flyball, 7)
Runner from 3rd tags up, SCORES, no throw
Batting: LHB Marshall Willis 0-0: Called Strike
0-1: Called Strike
0-2: Strikes out swinging
Top of the 7th over - 1 run(s), 1 hit(s), 1 error(s), 2 left on base; Galesburg 8 - York 0
BOTTOM OF THE 7TH
York Revolution batting - Pitching for Galesburg Guzzlers : RHP Jorge Otero
Batting: RHB Donald Perry 0-0: Foul Ball, location: 2F
0-1: Ground out U3 (Groundball, 3)
Batting: RHB Ángelo Díaz 0-0: DOUBLE (Line Drive, 78D)
Batting: RHB Jorge Barrón 0-0: Foul Ball, location: 2F
0-1: Ball
1-1: Called Strike
1-2: TRIPLE (Flyball, 89D)
Ángelo Díaz scores
Batting: RHB Domingo Bravo 0-0: Foul Ball, location: 2F
0-1: Ball
1-1: Ball
2-1: Foul Ball, location: 2F
2-2: Foul Ball, location: 2F
2-2: Fly out, F9 (Flyball, 9LS)
Runner from 3rd tags up, SCORES, no throw
Batting: RHB Ernesto Deleón 0-0: Called Strike
0-1: Ground out 6-3 (Groundball, 6)
Bottom of the 7th over - 2 run(s), 2 hit(s), 0 error(s), 0 left on base; Galesburg 8 - York 2
TOP OF THE 8TH
Galesburg Guzzlers batting - Pitching for York Revolution : RHP Behar Jusufi
Batting: RHB Eun-bum Kim 0-0: Called Strike
0-1: Ball
1-1: Foul Ball, location: 2F
1-2: Ball
2-2: SINGLE (Groundball, 34S) (infield hit)
Batting: LHB Paolo van Ginderen 0-0: Ball
1-0: Ball
Eun-bum Kim steals 2nd base
2-0: Ball
3-0: Base on Balls
Batting: RHB Toussiant L'Ouverture 0-0: Ball
1-0: Called Strike
1-1: Foul Ball, location: 2F
1-2: Ball
2-2: Foul Ball, location: 2F
2-2: Fly out, F8 (Line Drive, 8LM)
Batting: RHB Fletcher Megarity 0-0: Ball
1-0: DOUBLE (Line Drive, 8LD)
Eun-bum Kim scores
Paolo van Ginderen to third
Runner from 3rd tries for Home, SAFE, no throw
Batting: LHB Armando Rodríguez 0-0: Fly out, F9 (Flyball, 89M)
Runner from 2nd tags up, SAFE at 3rd with throw
Batting: RHB Mike Mays 0-0: Swinging Strike
0-1: Ball
1-1: Foul Ball, location: 2F
1-2: Foul Ball, location: 2F
1-2: Ball
2-2: Ball
3-2: Strikes out swinging
Top of the 8th over - 2 run(s), 2 hit(s), 0 error(s), 1 left on base; Galesburg 10 - York 2
BOTTOM OF THE 8TH
York Revolution batting - Pitching for Galesburg Guzzlers : RHP Jorge Otero
Now at C: José Vargas
Now in RF: Robby Amesquita
Batting: RHB Griffin Woodfinlevine 0-0: Ball
1-0: Ball
2-0: Called Strike
2-1: Swinging Strike
2-2: Ball
3-2: Foul Ball, location: 2F
3-2: SINGLE (Groundball, 6MS) (infield hit)
Batting: RHB Sherwood Lefebvre 0-0: Ball
1-0: Ball
2-0: Ball
3-0: Called Strike
3-1: Base on Balls
Griffin Woodfinlevine to second
Pitching: RHP Victor de Meij
Batting: RHB Obi Jones 0-0: Called Strike
0-1: Swinging Strike
0-2: Ball
1-2: SINGLE (Line Drive, 6D)
Griffin Woodfinlevine to third
Sherwood Lefebvre to second
Runner from 3rd tries for Home, SAFE, throw made home
Batting: RHB Billy Hess 0-0: Called Strike
0-1: Ball
1-1: Ball
2-1: Ball
3-1: Foul Ball, location: 2F
3-2: Fly out, F8 (Flyball, 8RS)
Batting: RHB Donald Perry 0-0: Ball
1-0: Called Strike
1-1: Fly out, F7 (Flyball, 7)
Pinch Hitting: RHB Jim Unknown 0-0: SINGLE (Flyball, 6MD)
Sherwood Lefebvre to third
Obi Jones to second
Batting: RHB Jorge Barrón 0-0: Called Strike
0-1: Swinging Strike
0-2: Ball
1-2: Strikes out swinging
Bottom of the 8th over - 1 run(s), 3 hit(s), 0 error(s), 3 left on base; Galesburg 10 - York 3
TOP OF THE 9TH
Galesburg Guzzlers batting - Pitching for York Revolution : RHP Behar Jusufi
Now at 3B: Jim Unknown
Batting: RHB Jack Cantrell 0-0: Ball
1-0: Foul Ball, location: 2F
1-1: Foul Ball, location: 2F
1-2: Ball
2-2: Ground out 6-3 (Groundball, 6S)
Batting: RHB Sébastien Bernard 0-0: Ball
1-0: Foul Ball, location: 2F
1-1: Ground out 6-3 (Groundball, 56)
Batting: LHB Marshall Willis 0-0: Swinging Strike
0-1: Ball
1-1: Foul Ball, location: 2F
1-2: Ball
2-2: Foul Ball, location: 2F
2-2: Fly out, F4 (Line Drive, 4MS)
Top of the 9th over - 0 run(s), 0 hit(s), 0 error(s), 0 left on base; Galesburg 10 - York 3
BOTTOM OF THE 9TH
York Revolution batting - Pitching for Galesburg Guzzlers : RHP Victor de Meij
Batting: RHB Domingo Bravo 0-0: Ball
1-0: Foul Ball, location: 2F
1-1: Swinging Strike
1-2: Strikes out swinging
Batting: RHB Ernesto Deleón 0-0: Fly out, F8 (Flyball, 8RM)
Batting: RHB Griffin Woodfinlevine 0-0: Called Strike
0-1: Ball
1-1: Fly out, F1 (Line Drive, 15S)
Bottom of the 9th over - 0 run(s), 0 hit(s), 0 error(s), 0 left on base; Galesburg 10 - York 3
Saturday, May 26th, 2018 - OOTP Baseball 17.12 Build 75